[Event "*** SCC Grand Prix: Titled Tuesday Blitz"]
[Site "Chess.com"]
[Date "2020.06.23"]
[Round "3"]
[White "BocharovD"]
[Black "ZEN-22"]
[Result "1-0"]
[WhiteElo "2730"]
[BlackElo "2439"]
[TimeControl "180+1"]
[EndTime "10:29:00 PDT"]
[Termination "BocharovD won on time"]

1. c4 d5 2. cxd5 c6 3. dxc6 Nxc6 4. Nf3 e5 5. Nc3 Nf6 6. d3 Bc5 7. a3 a6 8. Bg5 Qb6 9. e3 Qxb2 10.
Na4 Qb5 11. Nxc5 Qxc5 12. Bxf6 Qc3+ 13. Nd2 gxf6 14. Be2 Bf5 15. O-O Bxd3 16. Rc1 Qxa3 17.
Nc4 Bxc4 18. Bxc4 h5 19. Qf3 Qe7 20. Bd5 Nd8 21. Rfd1 h4 22. h3 Kf8 23. Rd3 Rb8 24. Rcd1 Ne6 25. Bxe6 Qxe6 26. Rd6 e4 27. Qf4 Qe5 28.
Qg4 Re8 29. R1d5 Qc3 30. Qf4 Kg7 31. Rd4 Rh6 32. Rd7 Rg6 33. Rc7 Qe1+ 34. Kh2 Re6 35. Rdd7 1-0

[Event "*** SCC Grand Prix: Titled Tuesday Blitz"]
[Site "Chess.com"]
[Date "2020.06.23"]
[Round "3"]
[White "Chessmasterzt"]
[Black "MathiasWomacka"]
[Result "0-1"]
[WhiteElo "2596"]
[BlackElo "2418"]
[TimeControl "180+1"]
[EndTime "10:29:00 PDT"]
[Termination "MathiasWomacka won by resignation"]

1. Nf3 c5 2. e4 d6 3. d4 cxd4 4. Qxd4 Nc6 5. Bb5 Bd7 6. Bxc6 Bxc6 7. Nc3 Nf6 8. Bg5 e6 9. Qd3 Be7 10. Nd4 Qa5 11. Bd2 Qc7 12. O-O-O O-O 13. f4 Rfc8 14. Kb1 b5 15. e5 dxe5 16. Nxc6 Qxc6 17. fxe5 Nd7 18.
Bf4 Nc5 19. Qxb5 Qxg2 20. Rhg1 Qf3 21. Bh6 g6 22. Rg3 Qh5 23. Bc1 Rab8 24. Qe2 Qxe2 25.
Nxe2 Rd8 26. Rgg1 Ne4 27. c3 Bc5 28. Rgf1 Nf2 29. Rxd8+ Rxd8 30. Kc2 Ng4 31. Bf4 Ne3+ 32. Bxe3 Bxe3 33. Rf3 Rd2+ 34. Kb3 Rxe2 35. c4 Bd4 36. Rd3 Bxe5 37. c5 Rxb2+ 0-1

[Event "*** SCC Grand Prix: Titled Tuesday Blitz"]
[Site "Chess.com"]
[Date "2020.06.23"]
[Round "3"]
[White "vovachesss"]
[Black "stolencandy13"]
[Result "0-1"]
[WhiteElo "2596"]
[BlackElo "2418"]
[TimeControl "180+1"]
[EndTime "10:29:00 PDT"]
[Termination "stolencandy13 won by resignation"]

1. e4 c6 2. d4 d5 3. e5 Bf5 4. h4 h5 5. c4 e6 6. Nc3 Ne7 7. Nge2 Nd7 8. Ng3 Bg6 9. Bg5 dxc4 10.
Nge4 Qb6 11. Nd6+ Kd8 12. Nxc4 Qc7 13. Bd3 f6 14. Bf4 Bxd3 15. Qxd3 Nd5 16. Bg3 f5 17. Rc1 N7b6 18. Nxb6 Qxb6 19. Nxd5 cxd5 20. O-O Be7 21. Rc2 Kd7 22. Rfc1 Rac8 23. a3 a6 24. b4 Rxc2 25. Qxc2 g5 26. hxg5 Bxg5 27. f4 Be7 28. Bf2 h4 29.
Qd3 Qb5 30. Qc3 Qc6 31. Qd2 Qa4 32. Rc3 Rc8 33. Kh2 Rxc3 34. Qxc3 Qd1 35. Qf3 Qxf3 36. gxf3 Kc6 37. Kh3 a5 38. Bxh4 axb4 39. Bxe7 b3 40.
Kh4 b2 41. Kg5 b1=Q 42. Kf6 Kd7 43. Bc5 Qd3 44. a4 Qxf3 45. a5 Qh5 46. Bb6 Qe8 47.
Bc5 Qd8+ 48. Kf7 Qxa5 49. Bd6 b5 50. Bc5 b4 51. Bxb4 Qxb4 0-1

[Event "*** SCC Grand Prix: Titled Tuesday Blitz"]
[Site "Chess.com"]
[Date "2020.06.23"]
[Round "3"]
[White "CroissantNeuf"]
[Black "Sammed_Shete"]
[Result "0-1"]
[WhiteElo "2384"]
[BlackElo "2568"]
[TimeControl "180+1"]
[EndTime "10:29:00 PDT"]
[Termination "Sammed_Shete won by resignation"]

1. e4 c5 2. Nf3 Nc6 3. Bb5 g6 4. Bxc6 dxc6 5. d3 Bg7 6. h3 Nf6 7. Nc3 Qc7 8. Be3 Nd7 9. Qd2 h6 10. O-O e5 11. Ne2 b6 12. b4 cxb4 13. Qxb4 c5 14.
Qd2 Nf8 15. Nc3 Ne6 16. Nd5 Qd7 17. a4 Bb7 18. c4 f5 19. Qb2 Nf4 20. Qb1 Nxd5 21.
cxd5 O-O 22. a5 f4 23. Bd2 b5 24. a6 Bc8 25. Bc3 Re8 26. Qb2 Qd6 27. Qxb5 Bd7 28. Qc4 g5 29. Nh2 h5 30. Rab1 g4 31.
Rb7 Re7 32. Kh1 gxh3 33. gxh3 Bxh3 34. Rg1 Kh8 35. Rxe7 Qxe7 36. Rg6 Rg8 37. Nf3 Bg4 38. Rxg7 Bxf3+ 0-1

[Event "*** SCC Grand Prix: Titled Tuesday Blitz"]
[Site "Chess.com"]
[Date "2020.06.23"]
[Round "3"]
[White "Philosopherrr"]
[Black "1f3_2g41-0"]
[Result "0-1"]
[WhiteElo "2476"]
[BlackElo "2244"]
[TimeControl "180+1"]
[EndTime "10:29:00 PDT"]
[Termination "1f3_2g41-0 won by resignation"]

1. c4 Nf6 2. Nc3 c5 3. Nf3 g6 4.
g3 Bg7 5. Bg2 O-O 6. O-O Nc6 7.
b3 d6 8. Bb2 Ne4 9. Rc1 Nxc3 10. Bxc3 Bxc3 11. Rxc3 a5 12. d4 a4 13. dxc5 dxc5 14.
Rd3 Qa5 15. Qd2 Bf5 16. Rd5 axb3 17. axb3 Qxd2 18. Nxd2 Ra2 19. e3 Nb4 20. Rxf5 gxf5 21. Nf3 Rb2 22. Ne5 Rxb3 23. Nd7 Rc8 24. Nb6 e6 25.
Nxc8 Nd3 26. Nd6 b6 27. h4 Kf8 28. Rd1 Nb2 29. Rb1 Rb4 30. Bf1 Ke7 31. Nb5 Kd7 32. Ra1 Nxc4 33. Ra7+ Kc6 34. Nc3 Ne5 35. Bg2+ Kd6 36.
Ba8 Rb3 37. Na4 c4 38. Kf1 c3 39. Ke2 Rb2+ 40. Kd1 Rd2+ 41. Ke1 Nd3+ 42. Kf1 c2 43. Nxb6 c1=Q+ 44. Kg2 Rxf2+ 45. Kh3 Qf1+ 0-1

[Event "*** SCC Grand Prix: Titled Tuesday Blitz"]
[Site "Chess.com"]
[Date "2020.06.23"]
[Round "3"]
[White "JakubPulpan"]
[Black "Andreikka"]
[Result "0-1"]
[WhiteElo "2682"]
[BlackElo "2945"]
[TimeControl "180+1"]
[EndTime "10:29:01 PDT"]
[Termination "Andreikka won by resignation"]

1. Nf3 d5 2. g3 Nd7 3. Bg2 e5 4. d3 Ngf6 5. O-O Bc5 6. Nc3 c6 7. e4 dxe4 8. Nxe4 Nxe4 9. dxe4 O-O 10. Qe2 Qe7 11. c3 a5 12. a4 Nf6 13. Rd1 Bg4 14. Be3 Rad8 15. h3 Bh5 16. g4 Bg6 17. Nh4 Rfe8 18.
Nf5 Qf8 19. Qc4 Bxe3 20. Nxe3 Nd7 21. Qb3 Nc5 22. Qc4 Ra8 23. Nf5 Rad8 24. b4 axb4 25.
Qxb4 Rb8 26. Bf1 Ne6 27. Qxf8+ Kxf8 28. f3 Nc5 29. a5 Bxf5 30. exf5 Ra8 31. Rdb1 Ke7 32.
a6 Reb8 33. axb7 Rxa1 34. Rxa1 Rxb7 35. Ra5 Kd6 36. Ra1 Rb2 37. Ra7 Nd7 38. Bc4 e4 39. fxe4 Ne5 40. Ba2 Nf3+ 41. Kf1 Ke5 42. Bxf7 Kf4 43. c4 Kg3 44. Ra2 Rxa2 0-1

[Event "*** SCC Grand Prix: Titled Tuesday Blitz"]
[Site "Chess.com"]
[Date "2020.06.23"]
[Round "3"]
[White "gilbert_gm"]
[Black "GadimbayliA"]
[Result "1/2-1/2"]
[WhiteElo "2660"]
[BlackElo "2873"]
[TimeControl "180+1"]
[EndTime "10:29:01 PDT"]
[Termination "Game drawn by repetition"]

1. e4 e5 2. Nf3 d5 3. d3 dxe4 4.
dxe4 Qxd1+ 5. Kxd1 Nc6 6. c3 Nf6 7. Bd3 Be6 8. Bg5 Ng4 9. Ke2 f6 10.
Bd2 O-O-O 11. Be1 Bc5 12. Rf1 Rd7 13. Nbd2 a6 14. Bc4 Bxc4+ 15. Nxc4 b5 16. Ncd2 Rhd8 17. h3 Nh6 18. Nb3 Bb6 19. Bd2 Nf7 20. Be3 Bxe3 21.
Kxe3 Nd6 22. Nc5 Nc4+ 23. Ke2 Rd2+ 24. Nxd2 Rxd2+ 25. Kf3 Rxb2 26. Kg3 a5 27. a4 b4 28. Rfc1 Nd6 29. f3 bxc3 30. Rxc3 Nd4 31. Kh2 Ne2 32. Re3 Nf4 33. Rg1 Ne2 34. Re1 Nf4 35. Rg1 Ra2 36.
h4 Ne2 37. Rb1 Nf4 38. Rg1 Rc2 39. Nb3 Nc4 40. Ree1 Rb2 41. Rb1 Ra2 42. Ra1 Rb2 43. Rab1 Rf2 44. Rbf1 Re2 45. Re1 Rb2 46. Rb1 1/2-1/2

[Event "*** SCC Grand Prix: Titled Tuesday Blitz"]
[Site "Chess.com"]
[Date "2020.06.23"]
[Round "3"]
[White "Reader777"]
[Black "dawtonlms"]
[Result "1-0"]
[WhiteElo "2675"]
[BlackElo "2393"]
[TimeControl "180+1"]
[EndTime "10:29:01 PDT"]
[Termination "Reader777 won by resignation"]

1. d4 Nf6 2. c4 e6 3. g3 d5 4. Bg2 Be7 5. Nf3 O-O 6. O-O dxc4 7. Qc2 a6 8. a4 Bd7 9. Qxc4 Bc6 10. Bg5 Bd5 11. Qc2 Be4 12. Qd1 Nbd7 13. Nc3 Bg6 14. a5 c5 15. dxc5 Nxc5 16. b4 Nce4 17. Qxd8 Rfxd8 18. Nxe4 Bxe4 19. Rfc1 Rac8 20. Ne5 Bxg2 21.
Kxg2 Bxb4 22. Rxc8 Rxc8 23. Rb1 Bd6 24. Bxf6 gxf6 25.
Nd7 Bc7 26. Rc1 Kg7 27. Nb6 Bxb6 28. Rxc8 Bxa5 29. Rb8 b5 30. Ra8 Bc3 31. Rxa6 b4 32.
Rb6 f5 33. e3 Kf6 34. Kf3 h5 35. h4 Ke5 36. Rb7 Kf6 37. Ke2 Kg6 38. Kd3 f6 39.
Rb6 e5 40. e4 fxe4+ 41. Kxe4 Bd4 42. Rxb4 Bxf2 43. Kf3 Bd4 44. Rb8 Kg7 45. g4 hxg4+ 46. Kxg4 e4 47. Rb4 Be5 48. Rxe4 Kg6 49. h5+ Kh6 50. Ra4 Bb2 51. Ra5 Be5 52. Ra8 Bb2 53.
Rg8 Be5 54. Rg6+ Kh7 55. Kf5 1-0

[Event "*** SCC Grand Prix: Titled Tuesday Blitz"]
[Site "Chess.com"]
[Date "2020.06.23"]
[Round "3"]
[White "KNCP_719"]
[Black "Yoshikrov"]
[Result "1-0"]
[WhiteElo "2473"]
[BlackElo "2013"]
[TimeControl "180+1"]
[EndTime "10:29:01 PDT"]
[Termination "KNCP_719 won on time"]

1. e4 c5 2. Nf3 d6 3. Bb5+ Bd7 4. Bxd7+ Qxd7 5. O-O Nc6 6. Re1 g6 7. c3 Bg7 8. d4 cxd4 9. cxd4 e6 10. Nc3 Nge7 11. d5 Ne5 12. dxe6 Qxe6 13. Nb5 Nxf3+ 14. gxf3 Qd7 15.
Nxd6+ Kf8 16. Nc4 Qc7 17. Qb3 Rc8 18. Ne3 Nc6 19. Nd5 Qd7 20. Kg2 Nd4 21. Qa3+ Ke8 22. Ne3 Bh6 23. Rd1 Nb5 24. Qb3 Qc6 25. Bd2 Nd4 26. Qd3 Ne6 27. Rac1 Qd7 28. Qa3 Rxc1 29. Bxc1 Qe7 30. Qxe7+ Kxe7 31. Nd5+ Ke8 32. Bxh6 1-0

[Event "*** SCC Grand Prix: Titled Tuesday Blitz"]
[Site "Chess.com"]
[Date "2020.06.23"]
[Round "3"]
[White "Grandmaster2B"]
[Black "TimKett"]
[Result "0-1"]
[WhiteElo "2417"]
[BlackElo "2213"]
[TimeControl "180+1"]
[EndTime "10:29:02 PDT"]
[Termination "TimKett won by resignation"]

1. e4 e5 2. Nf3 Nc6 3. Bb5 a6 4. Ba4 Nf6 5. O-O Be7 6. Re1 b5 7. Bb3 d6 8. c3 O-O 9. h3 Na5 10. Bc2 c5 11. d4 Qc7 12. Bg5 h6 13. Bh4 Nc6 14. Nbd2 Bd7 15. Rc1 Rad8 16. Nf1 cxd4 17. cxd4 Qb6 18. Bxf6 Bxf6 19. Ne3 Ne7 20. dxe5 dxe5 21.
Nd5 Nxd5 22. exd5 Rfe8 23. Qd2 Bc8 24. Be4 Bb7 25. Red1 Rc8 26. Qe2 Rxc1 27. Rxc1 Rd8 28. Rd1 Rd6 29. Nh2 g6 30. Ng4 Bg7 31. Bf3 f5 32. Nxe5 Qd8 33. Nd3 Bxd5 34. Bxd5+ Rxd5 35. b3 Kh7 36. Kh2 a5 37. g3 a4 38. bxa4 bxa4 39. Rd2 a3 40. Qd1 Bc3 41. Rc2 Rxd3 42. Qc1 Qd4 43. Qf1 Rd2 44. Rc1 Rxf2+ 0-1

[Event "*** SCC Grand Prix: Titled Tuesday Blitz"]
[Site "Chess.com"]
[Date "2020.06.23"]
[Round "3"]
[White "inegrepus"]
[Black "Love_craft"]
[Result "0-1"]
[WhiteElo "2231"]
[BlackElo "2441"]
[TimeControl "180+1"]
[EndTime "10:29:03 PDT"]
[Termination "Love_craft won on time"]

1. d4 Nf6 2. c4 g6 3. g3 Bg7 4. Bg2 O-O 5. Nf3 d6 6. O-O Nbd7 7. Nc3 e5 8. e4 exd4 9. Nxd4 Re8 10. h3 Nc5 11.
Re1 a5 12. Qc2 c6 13. Be3 Qc7 14. Rad1 Bd7 15. Kh2 Rad8 16. f4 Bc8 17. b3 h5 18.
a3 Bh6 19. b4 axb4 20. axb4 Na6 21. b5 Nc5 22. bxc6 bxc6 23. Nde2 h4 24. e5 hxg3+ 25. Nxg3 dxe5 26. Bxc5 exf4 27. Rxe8+ Nxe8 28. Rxd8 fxg3+ 29. Kh1 Qxd8 30. Bxc6 Bxh3 31. Bxe8 Qxe8 32. Ne4 g2+ 33. Kg1 Bg7 34. Kh2 Bf5 35. Kxg2 Bxe4+ 0-1

[Event "*** SCC Grand Prix: Titled Tuesday Blitz"]
[Site "Chess.com"]
[Date "2020.06.23"]
[Round "3"]
[White "kingofkolkata"]
[Black "dpruess"]
[Result "0-1"]
[WhiteElo "2188"]
[BlackElo "2482"]
[TimeControl "180+1"]
[EndTime "10:29:04 PDT"]
[Termination "dpruess won by checkmate"]

1. d4 Nf6 2. c4 c5 3. d5 e6 4.
Nc3 exd5 5. cxd5 d6 6. Bf4 a6 7.
a4 g6 8. h3 Bg7 9. e3 O-O 10.
Nf3 Bf5 11. Nd2 Re8 12. Be2 Ne4 13. Ndxe4 Bxe4 14. O-O Qb6 15. Nxe4 Rxe4 16. a5 Qc7 17. Qc2 Rb4 18. Ra2 Nd7 19. e4 Re8 20. f3 f5 21.
Bd2 Rd4 22. Bc3 fxe4 23. Bxd4 Bxd4+ 24. Kh1 e3 25. Rd1 Qd8 26. b4 Qf6 27. b5 Qf4 28.
Rxd4 cxd4 29. bxa6 bxa6 30. Bxa6 Nf6 31. Bb5 Re7 32.
a6 Nh5 33. a7 Ng3+ 34. Kg1 e2 35. a8=Q+ Kg7 36. Bxe2 Nxe2+ 37. Qxe2 Rxe2 38. Rxe2 Qc1+ 39. Kf2 d3 40. Qb7+ Kh6 41. Rb2 d2 42. Qb3 Qe1# 0-1

[Event "*** SCC Grand Prix: Titled Tuesday Blitz"]
[Site "Chess.com"]
[Date "2020.06.23"]
[Round "3"]
[White "talaicito"]
[Black "Ladislav1969"]
[Result "1-0"]
[WhiteElo "2100"]
[BlackElo "2313"]
[TimeControl "180+1"]
[EndTime "10:29:05 PDT"]
[Termination "talaicito won on time"]

1. d4 Nf6 2. Nc3 d5 3. Bf4 g6 4. e3 Bg7 5. h4 c5 6. Nb5 Na6 7. c3 O-O 8. Nf3 Bg4 9. Be2 cxd4 10. exd4 Qd7 11. a4 Qe6 12. Ne5 Bxe2 13. Qxe2 Nd7 14. h5 Nxe5 15. dxe5 Nc5 16. Nc7 Qf5 17. Be3 Nd3+ 18.
Kf1 Rad8 19. g4 Qxe5 20. Qxd3 Qxc7 21. a5 a6 22. Bb6 Qf4 23. Bxd8 Rxd8 24. f3 Qg3 25.
Rg1 Qh3+ 26. Kf2 Be5 27. hxg6 hxg6 28. Qe3 f6 29. Rh1 Qg3+ 30. Ke2 d4 31. Qf2 d3+ 32. Kf1 Qf4 33. Rd1 d2 34. Kg2 Rd3 35. Rh3 Kg7 36. Qe2 Rd5 37. Rdh1 Kf7 38. Rh7+ Ke6 39. Rd1 Qg3+ 40.
Kf1 1-0

[Event "*** SCC Grand Prix: Titled Tuesday Blitz"]
[Site "Chess.com"]
[Date "2020.06.23"]
[Round "3"]
[White "Nathan_Filgueiras"]
[Black "Kildepiotr"]
[Result "1-0"]
[WhiteElo "2412"]
[BlackElo "2591"]
[TimeControl "180+1"]
[EndTime "10:29:07 PDT"]
[Termination "Nathan_Filgueiras won by resignation"]

1. e4 g6 2. d4 Bg7 3. Nc3 c6 4. f4 d5 5. e5 Nh6 6. Bd3 Bg4 7. Nce2 Nf5 8. h3 Bxe2 9. Nxe2 h5 10. O-O h4 11. c3 e6 12. b4 a5 13. b5 Qb6 14. bxc6 Nxc6 15. Rb1 Qc7 16. Qb3 Rb8 17. Ba3 Bf8 18. Bxf8 Kxf8 19. Qb6 Qd7 20. Bb5 Kg7 21. Rb2 Rhc8 22. Rfb1 Ne3 23. Kf2 Nc4 24. Bxc4 dxc4 25. Qb5 Rc7 26. Ng1 Nb4 27. Qxd7 Nd3+ 28. Ke3 Rxd7 29.
Rb6 g5 30. fxg5 Kg6 31. Nf3 Rh8 32. Rxb7 Rxb7 33. Rxb7 Nc1 34. a4 Nd3 35. Rb5 Ra8 36.
Nxh4+ Kxg5 37. Nf3+ Kf5 38. Nd2 Ne1 39. Nxc4 Nxg2+ 40. Kf3 Nf4 41. Ne3+ Kg5 42. h4+ Kxh4 43. Kxf4 Rc8 44. c4 Rg8 45. Rxa5 1-0

[Event "*** SCC Grand Prix: Titled Tuesday Blitz"]
[Site "Chess.com"]
[Date "2020.06.23"]
[Round "3"]
[White "Djager97"]
[Black "WonderChampion"]
[Result "0-1"]
[WhiteElo "2457"]
[BlackElo "2039"]
[TimeControl "180+1"]
[EndTime "10:29:07 PDT"]
[Termination "WonderChampion won by resignation"]

1. e4 c5 2. Nf3 g6 3. d4 cxd4 4.
Nxd4 Nc6 5. Nc3 Bg7 6. Nb3 Nf6 7. Be2 O-O 8. O-O d6 9. Bg5 Be6 10. Kh1 Rc8 11. f4 Qd7 12. Bf3 Bg4 13. h3 Bxf3 14. Qxf3 h6 15. Bh4 a5 16. Rad1 Ra8 17. Bxf6 Bxf6 18.
e5 Bg7 19. exd6 exd6 20. Ne4 Qe7 21. Nxd6 Rfd8 22. Ne4 a4 23. Nbc5 Nd4 24. Qe3 b6 25. c3 Nf5 26. Qf2 bxc5 27. Nxc5 Rxd1 28. Rxd1 Ne3 29. Re1 Qxc5 30. Rxe3 Kh7 31. Qe2 Rd8 32. Re7 Qd5 33. c4 Qd1+ 34. Qxd1 Rxd1+ 35. Kh2 Rd2 36. b4 Rxa2 37. Rxf7 Rb2 38. b5 a3 39. Ra7 a2 40.
f5 gxf5 41. b6 Kg6 42. b7 Be5+ 43. Kg1 Rb1+ 44. Kf2 a1=Q 45. Rxa1 Bxa1 46. c5 Rxb7 0-1

[Event "*** SCC Grand Prix: Titled Tuesday Blitz"]
[Site "Chess.com"]
[Date "2020.06.23"]
[Round "3"]
[White "murtas73"]
[Black "bratkoo"]
[Result "1-0"]
[WhiteElo "2643"]
[BlackElo "2411"]
[TimeControl "180+1"]
[EndTime "10:29:08 PDT"]
[Termination "murtas73 won by resignation"]

1. d4 e6 2. c4 d5 3. Nc3 Nf6 4. Bg5 Be7 5. cxd5 exd5 6. e3 O-O 7. Bd3 h6 8. Bh4 Re8 9. Nf3 Nbd7 10. O-O c6 11.
Qc2 Ne4 12. Bxe7 Qxe7 13. Bxe4 dxe4 14. Nd2 Nf6 15. Rab1 h5 16. b4 h4 17. h3 a6 18. a4 Bf5 19. b5 cxb5 20. axb5 Rec8 21.
bxa6 bxa6 22. Rfc1 Nd5 23. Qb3 Nxc3 24. Rxc3 Qg5 25. Rxc8+ Rxc8 26. Qd5 Qg6 27. Kh2 Rc2 28.
Qd8+ Kh7 29. Qxh4+ Qh6 30. Qxh6+ gxh6 31. Nf1 Rxf2 32. Ng3 Be6 33. Ra1 Bc4 34. Nxe4 Re2 35. Ra3 Kg7 36. Nd6 Bd5 37. Kg3 Rxg2+ 38. Kf4 Ra2 39.
Rc3 Be6 40. e4 Rf2+ 41. Ke5 a5 42. d5 Bd7 43. Rc7 Bxh3 44. Ne8+ Kg6 45. Rc6+ Kg5 46. Ra6 Bd7 47. Nf6 Bc8 48. Nh7+ Kg4 49. Rxa5 h5 50.
Ra8 Bb7 51. Rg8+ Kh3 52. Ng5+ Kh2 53. Rf8 h4 54. Rxf7 Rg2 55. Nf3+ Kg3 56. Nxh4 Bxd5 57.
exd5 Kxh4 58. Rh7+ Kg3 59. Rg7+ Kf3 1-0

[Event "*** SCC Grand Prix: Titled Tuesday Blitz"]
[Site "Chess.com"]
[Date "2020.06.23"]
[Round "3"]
[White "WIDBIFS"]
[Black "hansen"]
[Result "1/2-1/2"]
[WhiteElo "2714"]
[BlackElo "2997"]
[TimeControl "180+1"]
[EndTime "10:29:09 PDT"]
[Termination "Game drawn by repetition"]

1. d4 Nf6 2. Nf3 g6 3. g3 Bg7 4. Bg2 O-O 5. O-O d5 6. c4 dxc4 7. Na3 c3 8. bxc3 c5 9. e3 Nc6 10. Bb2 Bf5 11. Nd2 Qc8 12. Nb3 b6 13. Re1 Bh3 14.
Bh1 Bg4 15. Qc2 Be6 16. dxc5 Rb8 17. Nd4 Bd7 18. cxb6 axb6 19. Rac1 Na5 20. c4 Qc5 21. Nab5 Qh5 22. Bg2 Rbc8 23. Qe2 Qxe2 24. Rxe2 Rxc4 25. Rec2 Rfc8 26. Rxc4 Rxc4 27. Rxc4 Nxc4 28. Bc1 e5 29. Nc6 e4 30. Nbd4 Bf8 31. Bf1 Na3 32. Ne5 Be8 33.
Nc4 Nxc4 34. Bxc4 Nd7 35. Bb5 Nf6 36. Bc4 Nd7 37. Bb5 Nf6 38. Bc4 1/2-1/2

[Event "*** SCC Grand Prix: Titled Tuesday Blitz"]
[Site "Chess.com"]
[Date "2020.06.23"]
[Round "3"]
[White "peixe64"]
[Black "K-Nygren"]
[Result "1-0"]
[WhiteElo "2364"]
[BlackElo "2519"]
[TimeControl "180+1"]
[EndTime "10:29:10 PDT"]
[Termination "peixe64 won on time"]

1. d4 Nf6 2. c4 g6 3. Nc3 Bg7 4. e4 d6 5. h3 O-O 6. Bg5 c5 7. d5 b5 8. cxb5 a6 9. bxa6 Qb6 10. Qc2 Nxa6 11. Nf3 Nb4 12. Qd2 e6 13. dxe6 Bxe6 14. a3 d5 15. e5 Ne4 16. Qc1 Nxg5 17. Nxg5 Bxe5 18. axb4 Rxa1 19. Qxa1 cxb4 20. Nd1 Bf5 21. Be2 Re8 22. Qa4 Re7 23. Qa8+ Kg7 24. Qxd5 Bf6 25. Nf3 Be4 26. Qc4 Bxf3 27. gxf3 b3 28. Kf1 Qd6 29. Ne3 h5 30. Qxb3 Qd2 31. Qd3 Qc1+ 32.
Kg2 Qxb2 33. Rb1 Qe5 34. Rb5 Qf4 35. Nd5 Qg5+ 36. Kf1 1-0

[Event "*** SCC Grand Prix: Titled Tuesday Blitz"]
[Site "Chess.com"]
[Date "2020.06.23"]
[Round "3"]
[White "rududuyk"]
[Black "Sueetin"]
[Result "0-1"]
[WhiteElo "2160"]
[BlackElo "2351"]
[TimeControl "180+1"]
[EndTime "10:29:10 PDT"]
[Termination "Sueetin won by checkmate"]

1. e4 c6 2. d4 g6 3. Nc3 Bg7 4. Bc4 d6 5. Nf3 e6 6. Be3 d5 7. Bd3 dxe4 8. Nxe4 Nf6 9. Qd2 Nxe4 10. Bxe4 Nd7 11.
Bh6 Bxh6 12. Qxh6 Nf6 13. Bd3 Ng4 14. Qf4 h5 15. h3 Qf6 16. Qc7 Nh6 17. O-O-O O-O 18.
Kb1 a5 19. Ne5 Qd8 20. Qxd8 Rxd8 21. c3 h4 22. g4 hxg3 23. fxg3 Kg7 24. Rdf1 Bd7 25.
Rf2 Be8 26. Rhf1 Rac8 27. g4 c5 28. Rf4 cxd4 29. cxd4 Rc7 30. h4 f6 31. Nf3 e5 32.
Re4 exd4 33. Nxd4 Bf7 34. g5 fxg5 35. hxg5 Nf5 36. Rxf5 gxf5 37. Nxf5+ Kf8 38. Bc2 Bg6 39. Rf4 Kg8 40. Nh6+ Kg7 41. Ng4 Rd1# 0-1

[Event "*** SCC Grand Prix: Titled Tuesday Blitz"]
[Site "Chess.com"]
[Date "2020.06.23"]
[Round "3"]
[White "Durarbayli"]
[Black "GoltsevDmitry2000"]
[Result "1-0"]
[WhiteElo "2843"]
[BlackElo "2628"]
[TimeControl "180+1"]
[EndTime "10:29:11 PDT"]
[Termination "Durarbayli won by checkmate"]

1. e4 c5 2. b3 e6 3. Nf3 Nc6 4. Bb2 a6 5. c4 d5 6. cxd5 exd5 7. exd5 Qxd5 8. Bc4 Qe4+ 9. Qe2 Qxe2+ 10. Kxe2 Nf6 11. Re1 Be7 12. d4 b5 13. Bd3 O-O 14. Nbd2 Nd5 15.
Be4 Be6 16. dxc5 Rfd8 17. Rac1 f5 18. Bb1 Kf7 19. Kf1 Rac8 20. a3 b4 21. Nc4 Bxc5 22.
Ng5+ Kg8 23. Nxe6 bxa3 24. Bxa3 Bxa3 25. Nxa3 Rd6 26. Nc4 Rd7 27. Bxf5 Nce7 28. Bh3 Rb7 29. Nd4 Rb4 30. Bxc8 Nxc8 31. Re8+ Kf7 32. Rxc8 a5 33.
Nd6+ Kf6 34. Nc4 a4 35. bxa4 Rxa4 36. Rc6+ Kg5 37. g3 Ra2 38. h4+ Kg4 39. Kg2 h6 40.
Ne5+ Kh5 41. g4+ Kxh4 42. Ndf3# 1-0

[Event "*** SCC Grand Prix: Titled Tuesday Blitz"]
[Site "Chess.com"]
[Date "2020.06.23"]
[Round "3"]
[White "Lector118"]
[Black "Gordima"]
[Result "0-1"]
[WhiteElo "2450"]
[BlackElo "2744"]
[TimeControl "180+1"]
[EndTime "10:29:11 PDT"]
[Termination "Gordima won on time"]

1. d4 Nf6 2. Bf4 c5 3. c3 Qb6 4. Qb3 cxd4 5. Qxb6 axb6 6. cxd4 Nc6 7. Nf3 Nb4 8. Kd1 d6 9. Nc3 Bf5 10. e3 Nd3 11.
Bxd3 Bxd3 12. Kd2 Bf5 13. Rhc1 Bd7 14. a4 e6 15. Nb5 Bxb5 16. axb5 Rxa1 17. Rxa1 Kd7 18.
Ra8 h6 19. Kd3 g5 20. Bg3 Bg7 21. Rxh8 Bxh8 22. Nd2 d5 23. Be5 Bg7 24. Nf3 Ne8 25. h4 f6 26. Bg3 g4 27. Ne1 h5 28. Kc3 e5 29. Nd3 Ke6 30. Kb4 Nd6 31. dxe5 fxe5 32.
f3 Nf5 33. Bf2 g3 34. Be1 Nxh4 35. Bxg3 Nxg2 36. e4 dxe4 37. fxe4 h4 38. Bh2 Ne3 39. Nf2 Nf1 40. Bg1 Bh6 0-1

[Event "*** SCC Grand Prix: Titled Tuesday Blitz"]
[Site "Chess.com"]
[Date "2020.06.23"]
[Round "3"]
[White "Rskaak"]
[Black "Kaua18"]
[Result "0-1"]
[WhiteElo "1691"]
[BlackElo "2233"]
[TimeControl "180+1"]
[EndTime "10:29:13 PDT"]
[Termination "Kaua18 won by checkmate"]

1. d4 Nf6 2. Nf3 b6 3. Bg5 Bb7 4. Nbd2 e6 5. e3 Be7 6. Be2 h6 7. Bh4 d6 8. O-O Nbd7 9. c4 e5 10. Qc2 g5 11. Bg3 e4 12. Ne1 h5 13. f3 h4 14. Bf2 exf3 15. Nexf3 g4 16. Ng5 Nf8 17. Nge4 Qd7 18. d5 Ng6 19. Nxf6+ Bxf6 20. Be1 Be5 21. Ne4 O-O-O 22. Bc3 Kb8 23. Nf6 Bxh2+ 24. Kxh2 g3+ 25. Kg1 Qe8 26. Nxe8 Rdxe8 27. Bxh8 Nxh8 28. Qf5 Bc8 29. Qf3 Ng6 30. Bd3 Ne5 31. Qe2 Bg4 32. Qc2 h3 33.
gxh3 Bxh3 34. Rf4 Rh8 35. Bf1 Bc8 36. Bg2 Rh2 37. Raf1 Bh3 38. Rxf7 Nxc4 39. Rf8+ Kb7 40. b3 Nxe3 41. Qc6+ Ka6 42. R1f2 Bxg2 43. Qa4+ Kb7 44.
Rxg2 Rxg2+ 45. Kh1 Rc2 46. Rf7 Rc1+ 47. Rf1 Rxf1# 0-1

[Event "*** SCC Grand Prix: Titled Tuesday Blitz"]
[Site "Chess.com"]
[Date "2020.06.23"]
[Round "3"]
[White "Eltaj_Safarli"]
[Black "GMTalks_Youtube"]
[Result "1-0"]
[WhiteElo "2960"]
[BlackElo "2685"]
[TimeControl "180+1"]
[EndTime "10:29:14 PDT"]
[Termination "Eltaj_Safarli won by resignation"]

1. e4 e5 2. Nf3 Nc6 3. Nc3 Nf6 4. a3 d5 5. Bb5 Nxe4 6. Qe2 Qd6 7. Nxe4 dxe4 8. Qxe4 Bd7 9. d4 O-O-O 10. dxe5 Nxe5 11. Bxd7+ Nxd7 12. O-O Nc5 13. Qf5+ Qd7 14. Qxd7+ Rxd7 15. Be3 f6 16. Rad1 Rxd1 17. Rxd1 Ne6 18. Re1 Kd7 19.
b4 a6 20. c4 b6 21. Rd1+ Kc8 22. g3 Be7 23. Re1 Kd7 24. Nd2 Re8 25. Ne4 Bf8 26.
Nc3 Kc8 27. Nd5 Nd8 28. Rd1 Nb7 29. g4 Bd6 30. f3 a5 31. h4 axb4 32. axb4 Bxb4 33.
Bxb6 Bc5+ 34. Bxc5 Nxc5 35. Kf2 c6 36. Nf4 Re7 37.
Ra1 Kb7 38. h5 h6 39. Rb1+ Kc7 40. Ra1 Kb7 41. Ra3 Rd7 42. Re3 Kb6 43. Kg3 Ka5 44.
Re8 Rc7 45. Rb8 Ka4 46. Ne2 Ka5 47. Nd4 Ka6 48. Kf4 Ka7 49. Rb1 Ka6 50. Kf5 Ka7 51. Ne6 Nxe6 52. Kxe6 Rb7 53. Rxb7+ Kxb7 54. c5 Ka6 55. Kd7 1-0

[Event "*** SCC Grand Prix: Titled Tuesday Blitz"]
[Site "Chess.com"]
[Date "2020.06.23"]
[Round "3"]
[White "SiddharthGMJagadeesh"]
[Black "Chess_Boxer123"]
[Result "0-1"]
[WhiteElo "2437"]
[BlackElo "2730"]
[TimeControl "180+1"]
[EndTime "10:29:14 PDT"]
[Termination "Chess_Boxer123 won by resignation"]

1. e4 c5 2. Nf3 Nc6 3. Bb5 g6 4.
O-O Bg7 5. Nc3 e5 6. d3 Nge7 7. Bc4 h6 8. a3 d6 9. b4 O-O 10.
bxc5 dxc5 11. a4 b6 12. Nd5 Nxd5 13. Bxd5 Qd6 14. Bb2 Bb7 15. Nd2 Na5 16. Bxb7 Nxb7 17. Nc4 Qe6 18. f4 exf4 19. Bxg7 Kxg7 20. Rxf4 Nd6 21.
Ne3 f5 22. Qd2 fxe4 23. Raf1 Rxf4 24. Rxf4 Qe5 25. Ng4 Qd4+ 26. Rf2 g5 27. h4 exd3 28. Nxh6 dxc2 29. Qxg5+ Kh7 30. Ng4 Qxg4 31. Qxg4 c1=Q+ 32. Kh2 Qh6 33. Qd7+ Kh8 34. g3 Rf8 35. Re2 Nf5 36. Qd5 Nd4 37. Qe5+ Qf6 38. Qh5+ Kg7 39. Re4 Qf2+ 40.
Kh3 Qf1+ 41. Kg4 Qf3+ 0-1